 Dungeon Crawl Stone Soup version 0.28.0-62-gf88900778d (webtiles) character file.

Game seed: 5472654192342612164

36430 cbfl8 the Severer (level 13, -7/118 HPs)
             Began as a Minotaur Berserker on May 17, 2023.
             Was a High Priest of Trog.
             Killed by divine providence
             ... invoked by a meliai
              (10 damage)
             ... on level 15 of the Dungeon.
             The game lasted 00:28:39 (16846 turns).

cbfl8 the Severer (Minotaur Berserker)             Turns: 16846, Time: 00:28:40

Health: -7/118     AC: 27    Str: 25    XL:     13   Next: 53%
Magic:  10/10      EV: 11    Int:  4    God:    Trog [*****.]
Gold:   735        SH:  0    Dex: 23    Spells: 12/12 levels left

rFire   . . .      SeeInvis .   L - +2 broad axe (freeze)
rCold   + . .      Faith    .   (no shield)
rNeg    . . .      Spirit   .   P - +10 chain mail of the Wasteland {+Inv Str+4 Dex+3}
rPois   +          Reflect  +   (helmet restricted)
rElec   .          Harm     .   t - +0 cloak
rCorr   .          Rampage  .   N - +0 pair of gloves
Will    ++...                   c - +0 pair of boots
Stlth   ..........              p - amulet of reflection
HPRegen 1.29/turn               l - ring "Idogg" {rPois rC+}
MPRegen 0.12/turn               m - +6 ring of dexterity

@: confused, ambrosia-drunk, strong-willed, regenerating, unable to read
A: horns 2, retaliatory headbutt, clumsy 1, low MP 1, inability to read while
threatened
a: Renounce Religion, Evoke Invisibility, Berserk, Trog's Hand, Brothers in Arms


You were on level 15 of the Dungeon.
You worshipped Trog.
Trog was extremely pleased with you.
You visited 1 branch of the dungeon, and saw 15 of its levels.
You visited the Abyss 1 time.
You also visited: Ossuary and Bailey.

You collected 1222 gold pieces.
You spent 487 gold pieces at shops.

Inventory:

Hand Weapons
 a - a +3 executioner's axe of flaming
 L - a +2 broad axe of freezing (weapon)
Armour
 c - a +0 pair of boots (worn)
 e - the +9 plate armour of Bamoseceosk {Int-4 Dex+6}
   (You found it in a bailey)

   Int:       It affects your intelligence (-4).
   Dex:       It affects your dexterity (+6).
 t - a +0 cloak (worn)
 N - a +0 pair of gloves (worn)
 P - the +10 chain mail of the Wasteland (worn) {+Inv Str+4 Dex+3}
   (You found it on level 10 of the Dungeon)

   Str:       It affects your strength (+4).
   Dex:       It affects your dexterity (+3).
   +Inv:      It lets you turn invisible.
Jewellery
 h - a ring of flight
 l - the ring "Idogg" (left hand) {rPois rC+}
   (You took it off a deep elf demonologist on level 11 of the Dungeon)

   [ring of poison resistance]

   rC:        It protects you from cold.
   rPois:     It protects you from poison.
 m - a +6 ring of dexterity (right hand)
 p - an amulet of reflection (around neck)
 K - a ring of protection from fire
Wands
 j - a wand of flame (47)
 s - a wand of charming (17)
 u - a wand of iceblast (12) (quivered)
 B - a wand of polymorph (3)
 H - a wand of paralysis (12)
Scrolls
 b - 6 scrolls of fear
 f - 5 scrolls of fog
 g - 5 scrolls of enchant weapon
 n - a scroll of brand weapon
 r - 5 scrolls of teleportation
 w - a scroll of magic mapping
 C - 2 scrolls of enchant armour
 M - a scroll of silence
Potions
 i - a potion of cancellation {unknown}
 k - a potion of berserk rage {unknown}
 o - 3 potions of resistance
 v - a potion of attraction {unknown}
 z - a potion of lignification {unknown}
 A - 3 potions of invisibility
 D - a potion of mutation {unknown}
 E - a potion of brilliance {unknown}
 F - 2 potions of might {unknown}
 G - 5 potions of curing
 I - 3 potions of degeneration {unknown}
 J - 2 potions of ambrosia
 O - a potion of flight {unknown}


   Skills:
 + Level 12.1 Fighting
 + Level 17.9 Axes
 + Level 12.3 Armour
 + Level 3.6 Dodging
 + Level 1.4 Stealth
 + Level 4.5 Shields
 * Level 9.7 Evocations


You had 12 spell levels left.
You didn't know any spells.
Your spell library was empty.

Dungeon Overview and Level Annotations

Branches:
Dungeon (15/15)            Temple (0/1) D:7            Lair (0/6) D:11
    Orc (0/2) D:10         Vaults (0/5) D:13        Ossuary (visited)
 Bailey (visited)
 Depths: D:15

Altars:
Ashenzari
Fedhas
Sif Muna
Wu Jian
Yredelemnul

Shops:
D:6 ?   D:7 ((   D:11 !

Annotations:
D:7 2 transporters, Grum; cbfl8's ghost, novice MiBe
D:10 2 transporters, Chadd's ghost, novice MiBe


Innate Abilities, Weirdness & Mutations

You have a pair of horns on your head.
You reflexively headbutt those who attack you in melee.
You are clumsy. (Dex -2)
Your magical capacity is low. (-10% MP)
You sometimes lose the ability to read scrolls when taking damage.


Message History

The meliai barely misses you. The meliai hits you with a +0 war axe.
* * * LOW HITPOINT WARNING * * *
The meliai misses you. The meliai hits you but does no damage.
The meliai barely misses you.
Your skin crawls.
You feel strong-willed. The meliai hits you but does no damage.
The meliai closely misses you. You block the meliai's attack.
The meliai barely misses you. The meliai closely misses you.
You furiously retaliate!
You headbutt the meliai. The meliai barely misses you.
The meliai closely misses you.
The meliai stings you but does no damage.
Okay, then.
Okay, then.
You are confused.
You feel invigorated. The meliai hits you but does no damage.
The meliai stings you but does no damage.
The meliai hits you but does no damage. The meliai barely misses you.
The meliai hits you but does no damage.
The meliai stings you but does no damage.
The meliai hits you but does no damage.
The meliai stings you but does no damage.
The meliai mumbles some strange prayers to its god against you.
Something smites you!
* * * LOW HITPOINT WARNING * * *
The meliai calls upon its god to heal the meliai.
The meliai is healed somewhat.
Unknown command.
You bump into the rock wall.
The meliai calls down the wrath of its god upon you.
Something smites you!
* * * LOW HITPOINT WARNING * * *
The meliai hits you with a +0 hand axe.
* * * LOW HITPOINT WARNING * * *
The meliai misses you. The meliai hits you with a +0 war axe.
* * * LOW HITPOINT WARNING * * *
The meliai stings you but does no damage.
The meliai mumbles some strange prayers to its god against you.
Something smites you!
You die...

#.......#..#
#..##..##..####.#
#.......#..# #..##..##..#
#.# #.....$.#..#
#..##..##..## #.
#.......#..# #..##..##...#
........#..# #..##.......#
...........# #.......[...#
...........###.H)....##.:#
..###.†.#....†yy##...##..#
#.).#..####@##...##..#
#...#.<# #.##..<##...
#...#..# #.##...##....
#...#..# #.##.)Y# .....
#...#..# #.##...# #...#..#
#.##...# #...#..# #.##...#
#...#..# #.##...# #.##
#...#


You could see a manticore and 2 meliai.

Vanquished Creatures
  A tentacled starspawn (Abyss:2)
  A deep elf demonologist (D:11)
  A dire elephant (D:15)
  2 hydras
  A boulder beetle (D:14)
  3 vault guards (D:13)
  An ogre mage (D:11)
  A two-headed ogre (D:10)
  A centaur warrior (D:14)
  A deep troll earth mage (D:11)
  4 thrashing horrors (Abyss:3)
  A wretched star (Abyss:3)
  The ghost of safid the Severer, a novice HOFi of Beogh (D:8)
  A swamp dragon (shapeshifter) (D:15)
  A wizard (D:15)
  4 starcursed masses
  3 necromancers (D:13)
  Pikel (D:4)
  A deep elf zephyrmancer (D:11)
  An orc knight (Bailey)
  5 ugly things
  5 deep elf pyromancers
  A cyclops (D:13)
  An orc sorcerer (D:11)
  A manticore (D:13)
  A worldbinder (Abyss:3)
  A naga mage (D:15)
  Maggie (D:6)
  9 kobold demonologists
  An orange demon (Abyss:2)
  2 komodo dragons
  A yaktaur (shapeshifter) (D:14)
  An ancient zyme (Abyss:3)
  4 tengu conjurers
  A hellwing (Abyss:3)
  7 meliai
  3 trolls
  A hornet (D:9)
  5 slime creatures (D:13)
  2 large abominations (Abyss:3)
  9 yaks
  18 humans (D:13)
  A basilisk (D:15)
  2 wraiths
  2 vampire mosquitoes (D:15)
  A neqoxec (Abyss:3)
  Edmund (D:4)
  A water moccasin (D:7)
  A sky beast (D:8)
  11 orc warriors
  3 necrophages
  An ogre (D:5)
  5 centaurs
  A phantom (D:4)
  A lemure (D:4)
  17 kobold brigands
  2 bullfrogs
  8 scorpions (Ossuary)
  5 killer bees (D:8)
  9 wights
  4 howler monkeys
  3 human zombies (Ossuary)
  2 centaur zombies
  2 jellies
  9 orc priests
  A bullfrog skeleton (D:5)
  A gnoll shaman (D:8)
  5 hounds
  2 centaur skeletons
  Ijyb (D:5)
  Natasha (thrice) (D:3)
  6 orc wizards
  5 iguanas
  2 scorpion zombies (Ossuary)
  A killer bee zombie (D:7)
  4 mummies
  A howler monkey skeleton (D:7)
  2 howler monkey zombies
  13 gnolls
  4 adders
  An ufetubus (D:4)
  A worm (D:2)
  35 orcs
  5 ball pythons
  6 bats
  6 endoplasms
  A giant cockroach (D:2)
  3 gnoll zombies (Ossuary)
  8 goblins
  7 hobgoblins
  13 jackals
  3 quokkas
  4 frilled lizards (D:1)
  5 goblin zombies (Ossuary)
  4 hobgoblin zombies (Ossuary)
  26 kobolds
  2 kobold zombies (Ossuary)
  An orc zombie (Ossuary)
  3 rats
  A spectral orc (D:12)
389 creatures vanquished.

Vanquished Creatures (collateral kills)
  A deep elf zephyrmancer (D:11)
  A worldbinder (Abyss:3)
  A kobold demonologist (D:11)
3 creatures vanquished.

Vanquished Creatures (others)
  A fungus (D:8)
  9 plants
  4 starspawn tentacles (Abyss:2)
14 creatures vanquished.

Grand Total: 406 creatures vanquished

Notes
Turn   | Place    | Note
-------+----------+-------------------------------------------
     0 | D:1      | cbfl8 the Minotaur Berserker began the quest for the Orb.
     0 | D:1      | Reached XP level 1. HP: 19/19 MP: 0/0
   338 | D:1      | Reached XP level 2. HP: 27/27 MP: 1/1
   352 | D:1      | Reached skill level 4 in Axes
   942 | D:1      | Reached XP level 3. HP: 33/33 MP: 2/2
  1114 | D:2      | Reached ** piety under Trog
  1175 | D:2      | Reached XP level 4. HP: 17/40 MP: 3/3
  1769 | D:2      | Found a blossoming altar of Fedhas.
  1906 | D:2      | Found a faded altar of an unknown god.
  2072 | D:3      | Noticed Natasha
  2080 | D:3      | Killed Natasha
  2081 | D:3      | Reached XP level 5. HP: 44/47 MP: 4/4
  2116 | D:3      | Noticed Natasha
  2121 | D:3      | Killed Natasha
  2122 | D:3      | Reached skill level 1 in Evocations
  2136 | D:3      | Noticed Natasha
  2146 | D:3      | Killed Natasha
  2147 | D:3      | Reached skill level 5 in Axes
  2688 | D:3      | Reached XP level 6. HP: 53/53 MP: 5/5
  3046 | D:4      | Reached skill level 6 in Axes
  3047 | D:4      | Reached skill level 5 in Fighting
  3351 | D:4      | Reached XP level 7. HP: 58/61 MP: 6/6
  3358 | D:4      | Noticed Pikel
  3368 | D:4      | Killed Pikel
  3369 | D:4      | Reached skill level 7 in Axes
  3369 | D:4      | Reached skill level 5 in Armour
  3533 | D:4      | Noticed Edmund
  3547 | D:4      | Killed Edmund
  3548 | D:4      | Reached XP level 8. HP: 21/70 MP: 7/7
  4159 | D:5      | Entered Level 5 of the Dungeon
  4191 | D:5      | Reached skill level 8 in Axes
  4253 | D:5      | Noticed Ijyb
  4262 | D:5      | Killed Ijyb
  4767 | D:6      | Found a sand-covered staircase.
  4776 | Ossuary  | Entered an ossuary
  4809 | Ossuary  | Reached *** piety under Trog
  4922 | Ossuary  | Reached skill level 9 in Axes
  5042 | Ossuary  | Reached XP level 9. HP: 73/78 MP: 8/8
  5164 | D:6      | Found Pirelyxu's Magic Scroll Shoppe.
  5204 | D:6      | Noticed Maggie
  5214 | D:6      | Killed Maggie
  5215 | D:6      | Reached skill level 10 in Axes
  5494 | D:6      | Reached skill level 5 in Evocations
  5617 | D:7      | Found Lilyd's Assorted Antiques.
  5676 | D:7      | Found a flagged portal.
  5698 | D:7      | Reached **** piety under Trog
  5704 | Bailey   | Entered a bailey
  5831 | Bailey   | HP: 3/79 [orc warrior/+0 halberd (16)]
  6154 | Bailey   | Found a large runed translucent door.
  6154 | Bailey   | Found a large runed translucent door.
  6155 | Bailey   | Noticed a deep elf pyromancer
  6156 | Bailey   | Noticed an orc knight
  6182 | Bailey   | Killed an orc knight
  6183 | Bailey   | Reached skill level 11 in Axes
  6356 | Bailey   | Killed a deep elf pyromancer
  6357 | Bailey   | Reached XP level 10. HP: 34/88 MP: 9/9
  6419 | Bailey   | Identified the +9 plate armour of Bamoseceosk {Int-4 Dex+6}
  6481 | D:7      | Found Ewkum's Weapon Boutique.
  6568 | D:7      | Found Ofryneal's Antique Weapon Shop.
  6581 | D:7      | Bought a glowing broad axe for 182 gold pieces
  6601 | D:7      | Identified the +0 kite shield of Huicw {rElec Regen+ Str-2
                  | Dex+5}
  6638 | D:7      | Identified the ring of Archeor {Will+ Str+2}
  6644 | D:7      | Noticed cbfl8's ghost (novice MiBe)
  6655 | D:7      | Noticed Grum
  6742 | D:7      | Found a transporter.
  6743 | D:7      | Found a transporter.
  6847 | D:7      | Found a staircase to the Ecumenical Temple.
  6929 | D:6      | Bought 2 scrolls of teleportation for 78 gold pieces
  6929 | D:6      | Bought a scroll of blinking for 97 gold pieces
  6929 | D:6      | Bought a scroll of teleportation for 39 gold pieces
  6929 | D:6      | Bought a scroll of identify for 26 gold pieces
  7234 | D:8      | Found a runed translucent gate.
  7235 | D:8      | Found a runed translucent gate.
  7235 | D:8      | Noticed safid's ghost (novice HOFi)
  7236 | D:8      | Found a runed translucent gate.
  7273 | D:8      | Reached skill level 12 in Axes
  7446 | D:8      | Found an ornate altar of the Wu Jian Council.
  7709 | D:8      | Reached ***** piety under Trog
  7939 | D:8      | Killed safid's ghost
  7940 | D:8      | Reached skill level 13 in Axes
  8247 | D:9      | Reached XP level 11. HP: 79/97 MP: 10/10
  8642 | D:10     | Entered Level 10 of the Dungeon
  8849 | D:10     | Found a staircase to the Orcish Mines.
  8862 | D:10     | Reached skill level 14 in Axes
  8945 | D:10     | Noticed a deep elf pyromancer
  8954 | D:10     | Killed a deep elf pyromancer
  9171 | D:10     | Noticed Chadd's ghost (novice MiBe)
  9221 | D:10     | Identified the +10 chain mail of the Wasteland {+Inv Str+4
                  | Dex+3}
  9331 | D:10     | Found a transporter.
  9331 | D:10     | Found a transporter.
  9337 | D:10     | Noticed a two-headed ogre
  9346 | D:10     | Killed a two-headed ogre
  9449 | D:11     | Noticed a red ugly thing
  9461 | D:11     | Killed a red ugly thing
  9462 | D:11     | Reached skill level 10 in Armour
  9616 | D:11     | Found Xeabeuc's Distillery.
  9620 | D:11     | Found a staircase to the Lair.
  9790 | D:11     | Reached skill level 10 in Fighting
  9808 | D:11     | Noticed an ogre mage
  9823 | D:11     | Killed an ogre mage
  9825 | D:11     | Reached skill level 15 in Axes
  9852 | D:11     | Reached skill level 1 in Shields
  9926 | D:11     | Noticed a deep elf pyromancer
  9958 | D:11     | Killed a deep elf pyromancer
 10258 | D:11     | Found a shimmering blue altar of Sif Muna.
 10534 | D:11     | Noticed a deep troll earth mage
 10535 | D:11     | Noticed a deep elf zephyrmancer
 10536 | D:11     | Noticed a deep elf demonologist
 11443 | D:11     | Reached XP level 12. HP: 101/107 MP: 11/11
 11449 | D:11     | Killed a deep troll earth mage
 11485 | D:11     | Identified the ring "Idogg" {rPois rC+}
 11491 | D:11     | Noticed a blizzard demon
 11494 | D:11     | Killed a deep elf demonologist
 11870 | D:11     | Reached skill level 1 in Stealth
 12385 | D:11     | Bought a potion of heal wounds for 65 gold pieces
 12489 | D:12     | Found a basalt altar of Yredelemnul.
 12721 | D:12     | Reached skill level 16 in Axes
 13076 | D:13     | Received a gift from Trog
 13138 | D:13     | Noticed a seven-headed hydra
 13148 | D:13     | Killed a one-headed hydra
 13932 | D:13     | Reached skill level 17 in Axes
 13994 | D:13     | Found a gate to the Vaults.
 13994 | D:13     | Noticed a vault guard
 13994 | D:13     | Noticed a vault guard
 13994 | D:13     | Noticed a vault guard
 14001 | D:13     | Killed a vault guard
 14003 | D:13     | Killed a vault guard
 14004 | D:13     | Reached XP level 13. HP: 116/116 MP: 12/12
 14960 | D:14     | Found a broken altar of Ashenzari.
 15025 | D:14     | Received a gift from Trog
 15911 | D:15     | Entered Level 15 of the Dungeon
 15970 | D:15     | Cast into level 2 of the Abyss (a wizard)
 15971 | Abyss:2  | Found a corrupted altar of Lugonu.
 16023 | Abyss:2  | Noticed a tentacled starspawn
 16037 | Abyss:2  | Killed a tentacled starspawn
 16092 | Abyss:3  | Gained mutation: You sometimes lose the ability to read
                  | scrolls when taking damage. [a neqoxec]
 16125 | Abyss:3  | Gained mutation: Your magical capacity is low. (-10% MP) [a
                  | neqoxec]
 16133 | Abyss:3  | Gained mutation: You are clumsy. (Dex -2) [a neqoxec]
 16154 | Abyss:3  | Noticed a starcursed mass
 16165 | Abyss:3  | Paralysed by accursed screaming for 2 turns
 16274 | Abyss:3  | Noticed a green very ugly thing
 16274 | Abyss:3  | Noticed an ironbound thunderhulk
 16280 | Abyss:3  | Noticed a red very ugly thing
 16280 | Abyss:3  | Noticed an ironbound thunderhulk
 16284 | Abyss:3  | Noticed an ironbound thunderhulk
 16299 | Abyss:3  | Found a corrupted altar of Lugonu.
 16339 | Abyss:3  | Noticed a starcursed mass
 16342 | Abyss:3  | Noticed a starcursed mass
 16357 | D:15     | Escaped the Abyss
 16419 | D:15     | Noticed a dire elephant
 16731 | D:15     | Killed a dire elephant
 16846 | D:15     | HP: 3/118 [meliai/+0 war axe (3)]
 16846 | D:15     | Killed from afar by a meliai

Illustrated notes

Levels and vault maps discovered:
D:1:      tarquinn_simple_flora_water_f, layout_loops_ring
D:2:      layout_rooms, chequers_ecumenical_altar_grove, basic_altar,
          chequers_serial_rivers_micro_d
D:3:      layout_basic, uniq_natasha
D:4:      layout_basic, uniq_pikel, uniq_edmund
D:5:      layout_basic, hangedman_abyss_or_decor_passed, uniq_ijyb
D:6:      layout_basic, serial_shops, nicolae_take_the_stairs,
          gup_ossuary_entry_pyramid, uniq_maggie
D:7:      layout_cave_pools, lemuel_temple_firewalk_b, serial_shops, shop, shop,
          nicolae_shop_waterfront, enter_bailey_2, gammafunk_ghost_gnarly_gnolls
D:8:      layout_loops_ring, nicolae_wu_jian_wuxing_cycle,
          gammafunk_ghost_nasty_kobolds
D:9:      layout_cave_pools
D:10:     layout_stronghold, orc_0_dummy, gammafunk_ghost_hive
D:11:     evilmike_library_of_no_secrets, layout_rooms, lair_entry_dummy,
          serial_shops, nicolae_diamond_shop
D:12:     layout_basic, yredelemnul_forgotten_temple_becter
D:13:     layout_loops_ring, grunt_vaults_entry_tiered
D:14:     layout_irregular_city, ashenzari_altar_1
D:15:     hangedman_depths_entry_try_elsewhere_first, layout_long_grid,
          hangedman_abyss_or_decor_jellyfish_corner,
          chequers_serial_rivers_small_3, uniq_nessos, uniq_louise, uniq_kirke

Skill      XL: |  1  2  3  4  5  6  7  8  9 10 11 12 13 |
---------------+----------------------------------------+-----
Axes           | 4 5 6 7 9 11 13 15 17 | 17.9
Fighting       | 4 5 6 7 9 10 11 12 | 12.1
Armour         | 3 4 5 6 8 9 10 11 12 | 12.3
Evocations     | 2 3 4 5 6 8 9 |  9.7
Shields        | 1 3 4 |  4.5
Stealth        | 1 |  1.4
Dodging        | 3 |  3.6

Action                   |  1- 3 |  4- 6 |  7- 9 | 10-12 | 13-15 || total
-------------------------+-------+-------+-------+-------+-------++-------
Melee: Hand axe          |    78 |    85 |       |       |       ||   163
       Punch             |     2 |     1 |     2 |     7 |     3 ||    15
       Headbutt          |     2 |    19 |    41 |   110 |    48 ||   220
       War axe           |       |    49 |   202 |    37 |       ||   288
       Broad axe         |       |       |       |   432 |   173 ||   605
       Executioner's axe |       |       |       |       |     4 ||     4
Invok: Berserk           |     1 |     1 |     3 |     9 |     2 ||    16
       Trog's Hand       |       |       |     1 |     1 |     7 ||     9
       Brothers in Arms  |       |       |       |     1 |     1 ||     2
Evoke: Wand              |       |       |    13 |     9 |    11 ||    33
  Use: Scroll            |       |       |     9 |    10 |     7 ||    26
       Potion            |       |       |       |       |     6 ||     6
 Stab: Paralysed         |       |       |       |     3 |       ||     3
Armor: Animal skin       |     4 |       |       |       |       ||     4
       Plate armour      |    40 |   105 |   124 |       |       ||   269
       Crystal plate arm |       |       |     8 |   180 |       ||   188
       Chain mail        |       |       |       |   142 |   173 ||   315
Dodge: Dodged            |    23 |    63 |    76 |   157 |   134 ||   453
Block: Other             |       |       |       |    55 |    50 ||   105
       Reflection        |       |       |       |       |     4 ||     4
